 Dungeon Crawl Stone Soup version 0.31-a0-691-g409c26aa35 (webtiles) character file.

Game seed: 13262298430103672385

1099 qw the Skirmisher (level 8, -1/49 HPs)
             Began as a Gargoyle Hunter on Sept 6, 2023.
             Killed from afar by an orc wizard (6 damage)
             ... with a puff of flame
             ... on level 6 of the Dungeon.
             The game lasted 00:01:54 (4523 turns).

qw the Skirmisher (Gargoyle Hunter)                 Turns: 4523, Time: 00:01:55

Health: -1/49      AC: 17    Str: 15    XL:     8   Next: 32%
Magic:  8/8        EV: 11    Int: 10    God:
Gold:   195        SH:  0    Dex: 15    Spells: 7/7 levels left

rFire   . . .        Y - +0 shortbow
rCold   . . .        (shield currently unavailable)
rNeg    + . .        k - +3 ring mail
rPois   inf          (no helmet)
rElec   +            (no cloak)
rCorr   .            c - +2 pair of gloves
SInv    .            (no boots)
Will    .....        (no amulet) Stlth
                     (no ring)
HPRegen 0.28/turn    (no ring)
MPRegen 0.11/turn

%: no passive effects
@: confused
A: sickness immunity, AC +5, negative energy resistance 1, electricity
resistance, torment resistance 1, petrification resistance
a: no special abilities


You were on level 6 of the Dungeon.
You visited 1 branch of the dungeon, and saw 6 of its levels.

You collected 195 gold pieces.


Innate Abilities, Weirdness & Mutations

You are immune to sickness and miasma.
Your stone body is resilient. (AC +5)
You are immune to poison.
You resist negative energy. (rN+)
You are resistant to electric shocks. (rElec)
You are resistant to unholy torment.
You are immune to petrification.


   Skills:
 - Level 5.3 Fighting
 + Level 8.7 Ranged Weapons
 - Level 2.6 Armour
 - Level 2.1 Dodging
 - Level 1.1 Stealth


You had 7 spell levels left.
You didn't know any spells.
Your spell library was empty.

Inventory:

Hand Weapons
 Y - a +0 shortbow (weapon)
Armour
 c - a +2 pair of gloves (worn)
 k - a +3 ring mail (worn)
Scrolls
 h - 2 scrolls of identify
Potions
 b - a potion of might
 e - a potion of haste {unknown}
 f - a potion of curing {unknown}
 g - a potion of invisibility {unknown}
 i - a potion of attraction {unknown}
 j - a potion of degeneration {unknown}
 m - 2 potions of magic {unknown}

Dungeon Overview and Level Annotations

Branches:
Dungeon (6/15)
 Temple: D:4-7

Altars:
Fedhas
Gozag
Trog

Annotations:
D:4 3 runed translucent doors, qw's ghost, amateur MiHs; qw's ghost, weakling MiHs


Message History

A magic dart appears from out of thin air!
The magic dart hits you but does no damage.
The scorpion stings you but does no damage.
You shoot an arrow. The arrow hits the scorpion.
You kill the scorpion!
Something hits you but does no damage.
You shoot an arrow. Something hits you but does no damage.
You shoot an arrow. Something hits you but does no damage.
You shoot an arrow. Something hits you.
You shoot an arrow. Something hits you but does no damage.
You shoot an arrow.
Something hits you but does no damage. x2
You shoot an arrow. Something completely misses you.
You shoot an arrow. Something hits you but does no damage.
You shoot an arrow. Something hits you but does no damage.
You shoot an arrow. Something hits you but does no damage.
You shoot an arrow. Something hits you.
You shoot an arrow.
You hear some strange, mumbled words.
You are confused.
You shoot an arrow. Something hits you but does no damage.
You shoot an arrow.
You hear some strange, mumbled words.
A magic dart appears from out of thin air!
The magic dart hits you but does no damage.
You shoot an arrow.
You hear some strange, mumbled words.
A puff of flame appears from out of thin air!
The puff of flame hits you.
You die...

...............#
...............###
.................###
...?...............
...........[.....####
s................>..
..................#
.......{.%........#
.......)@.........#
.......)).........#
..................#### .
........................
......................#
?..............##.##..#
......................#.
#.#######..#...#.......
#..#...........


There were no monsters in sight!

Vanquished Creatures
  A sky beast (D:5)
  3 ice beasts
  An ogre (D:5)
  3 scorpions
  An orc priest (D:4)
  A hound (D:6)
  3 jellies
  3 iguanas
  3 orc wizards
  7 adders
  A white imp (D:5)
  2 worms
  2 dart slugs
  10 orcs
  6 bats
  8 endoplasms
  8 giant cockroaches
  12 goblins
  9 hobgoblins
  2 jackals (D:2)
  3 quokkas
  3 ball pythons
  3 frilled lizards
  3 kobolds
  4 rats
102 creatures vanquished.

Notes
Turn   | Place    | Note
-------+----------+-------------------------------------------
     0 | D:1      | qw the Gargoyle Hunter began the quest for the Orb.
     0 | D:1      | Reached XP level 1. HP: 12/12 MP: 1/1
     0 | D:1      | 0 ||| qw: Version: 0.3-a-76-g4403597
     0 | D:1      | 0 ||| qw: Game counter: 16
     0 | D:1      | 0 ||| qw: Melee chars always use a shield: true
     0 | D:1      | 0 ||| qw: God list: Okawaru
     0 | D:1      | 0 ||| qw: Allow faded altars: false
     0 | D:1      | 0 ||| qw: Do Orc after clearing Dungeon:15 true
     0 | D:1      | 0 ||| qw: Do second Lair branch before Depths: true
     0 | D:1      | 0 ||| qw: Lair rune preference: random
     0 | D:1      | 0 ||| qw: Goals: Normal
     0 | D:1      | 0 ||| PLANNING D:1-11
    50 | D:1      | Reached XP level 2. HP: 12/17 MP: 2/2
   769 | D:1      | 769 ||| UPGRADING to +0 ring mail.
   779 | D:1      | 779 ||| DROPPING +0 leather armour.
   780 | D:1      | 780 ||| READING scroll labelled KOSTAUM NUMPA.
   781 | D:1      | 781 ||| READING 2 scrolls labelled BUANUKI FIRADO.
   782 | D:1      | 782 ||| READING scroll labelled MEMODAPELE.
   783 | D:1      | 783 ||| DRINKING 3 metallic green potions.
   809 | D:1      | 809 ||| DROPPING scroll of butterflies.
   810 | D:1      | 810 ||| DROPPING 2 potions of lignification.
   865 | D:2      | Reached XP level 3. HP: 21/21 MP: 3/3
   914 | D:2      | Reached skill level 1 in Armour
   983 | D:2      | Reached skill level 5 in Ranged Weapons
  1060 | D:2      | Reached XP level 4. HP: 27/27 MP: 4/4
  1080 | D:2      | Reached skill level 3 in Fighting
  1588 | D:2      | 1588 ||| UPGRADING to +2 pair of gloves.
  1993 | D:3      | Found a bloodstained altar of Trog.
  2219 | D:3      | 2219 ||| READING scroll labelled XAIQOO ADOEDGH.
  2220 | D:3      | 2220 ||| READING scroll labelled TEFOLI NUEXAEB.
  2221 | D:3      | 2221 ||| READING scroll labelled UBLECI OHEQAM.
  2393 | D:4      | Reached XP level 5. HP: 32/32 MP: 5/5
  2488 | D:4      | Reached skill level 6 in Ranged Weapons
  2628 | D:4      | Found a runed translucent gate.
  2635 | D:4      | Found a runed translucent gate.
  2635 | D:4      | Found a runed translucent gate.
  2635 | D:4      | Noticed qw's ghost (amateur MiHs)
  2635 | D:4      | Noticed qw's ghost (weakling MiHs)
  2640 | D:4      | Found a blossoming altar of Fedhas.
  2757 | D:4      | Found an opulent altar of Gozag.
  3120 | D:4      | Reached XP level 6. HP: 33/38 MP: 6/6
  3222 | D:4      | 3222 ||| Stepping ~*~*~tactically~*~*~ (outnumbered).
  3249 | D:4      | HP: 9/38 [something (2)]
  3450 | D:4      | 3450 ||| UPGRADING to +3 ring mail.
  3460 | D:4      | 3460 ||| DROPPING +0 ring mail.
  3461 | D:4      | 3461 ||| READING scroll labelled PUZISE DATI.
  3485 | D:4      | 3485 ||| READING 2 scrolls of identify.
  3485 | D:4      | 3485 ||| IDENTIFYING clear potion
  3507 | D:5      | Entered Level 5 of the Dungeon
  3631 | D:5      | Reached skill level 7 in Ranged Weapons
  3757 | D:5      | 3757 ||| DROPPING ring of magical power.
  3781 | D:5      | Reached XP level 7. HP: 29/43 MP: 7/7
  3868 | D:5      | Reached skill level 8 in Ranged Weapons
  4057 | D:5      | Reached XP level 8. HP: 49/49 MP: 8/8
  4308 | D:5      | 4308 ||| READING scroll labelled VUEVEFF MUIP.
  4309 | D:5      | 4309 ||| READING 3 scrolls of identify.
  4309 | D:5      | 4309 ||| IDENTIFYING fizzy white potion
  4310 | D:5      | 4310 ||| READING 2 scrolls of identify.
  4310 | D:5      | 4310 ||| IDENTIFYING coppery potion
  4311 | D:5      | 4311 ||| DROPPING potion of berserk rage.
  4449 | D:6      | 4449 ||| RETREATING.
  4465 | D:6      | HP: 10/49 [scorpion (6)]
  4466 | D:6      | 4466 ||| DRINKING 2 potions of heal wounds.
  4480 | D:6      | HP: 11/49 [something/puff of flame (6)]
  4481 | D:6      | 4481 ||| DRINKING potion of heal wounds.
  4500 | D:6      | HP: 6/49 [something/puff of flame (11)]
  4512 | D:6      | HP: 4/49 [something (4)]
  4519 | D:6      | HP: 3/49 [something (3)]
  4523 | D:6      | Killed from afar by an orc wizard

Levels and vault maps discovered:
D:1:      amcnicky_arrival_wind_blow, layout_basic, nicolae_eternal_life,
          fountainhead
D:2:      layout_basic, amcnicky_mini_pool_small
D:3:      layout_basic, lightli_temple_of_fire
D:4:      layout_basic, mainiacjoe_overflow_cross_hatched,
          kennysheep_little_box, gammafunk_ghost_cemetery,
          hangedman_feature_mirror, grunt_ministairs_15, lightli_corner_chamber
D:5:      layout_basic, minmay_misc_feat_diagonals
D:6:      layout_basic, mainiacjoe_overflow_catch_the_wave, serial_shops,
          nicolae_diamond_shop, hangedman_minor_gate_pass

Skill      XL: |  1  2  3  4  5  6  7  8 |
---------------+-------------------------+-----
Armour         | 1 2 |  2.6
Ranged Weapons | 5 6 7 8 |  8.7
Fighting       | 3 4 5 |  5.3
Dodging        | 2 |  2.1
Stealth        | |  1.1

Action                     |  1- 3 |  4- 6 |  7- 9 || total
---------------------------+-------+-------+-------++-------
   Fire: Shortbow          |   123 |   237 |   158 ||   518
    Use: Scroll            |     3 |     5 |     3 ||    11
         Potion            |     1 |       |     2 ||     3
 Armour: Leather armour    |    10 |       |       ||    10
         Ring mail         |    50 |   103 |   219 ||   372
  Dodge: Dodged            |    64 |    58 |    92 ||   214

Table legend:
 A = Non-vault XP
 B = Vault XP
 C = Vault XP percentage of total XP
 D = Non-vault monster count
 E = Vault monster count
 F = Vault count percentage of total count
                 A         B        C        D         E       F
            +---------+---------+-------+---------+---------+-------
      Total |    1551 |      19 |   1.2 |      98 |       4 |   3.9
            +---------+---------+-------+---------+---------+-------
        D:1 |      32 |       0 |   0.0 |      18 |       0 |   0.0
        D:2 |     100 |       0 |   0.0 |      29 |       0 |   0.0
        D:3 |      26 |       0 |   0.0 |      13 |       0 |   0.0
        D:4 |     296 |      19 |   6.0 |      20 |       4 |  16.7
        D:5 |     730 |       0 |   0.0 |      11 |       0 |   0.0
        D:6 |     367 |       0 |   0.0 |       7 |       0 |   0.0
            +---------+---------+-------+---------+---------+-------
